 Dungeon Crawl Stone Soup version 0.16.1-28-gcc2312f (webtiles) character file.

112 Muussi the Gusty (level 4, -5/24 HPs)
             Began as a Tengu Air Elementalist on May 14, 2015.
             Killed from afar by an orc wizard (11 damage)
             ... with a puff of flame
             ... on level 3 of the Dungeon on June 5, 2015.
             The game lasted 00:16:34 (2136 turns).

Muussi the Gusty (Tengu Air Elementalist)           Turns: 2136, Time: 00:16:34

Health: -5/24      AC:  2    Str:  8    XL:     4   Next: 93%
Magic:  2/10       EV: 12    Int: 17    God:
Gold:   116        SH:  0    Dex: 14    Spells: 4 memorised, 1 level left

rFire  . . .     SeeInvis .     n - +0 spear
rCold  . . .     Clarity  .     a - +0 robe
rNeg   . . .     SustAb   .     (no shield)
rPois  .         Gourm    .     (helmet restricted)
rElec  .         Spirit   .     (no cloak)
rCorr  .         Warding  .     (no gloves)
rMut   .         Stasis   .     (boots unavailable)
MR     .....                    (no amulet)
Stlth  +.........               (no ring)
                                (no ring)

@: confused, repel missiles, heavily drained, not resistant to hostile
enchantments, very unstealthy
A: beak, talons 3
a: no special abilities


You were on level 3 of the Dungeon.
You were not hungry.

You visited 1 branch of the dungeon, and saw 3 of its levels.

You collected 116 gold pieces.

Inventory:

Hand weapons
 d - a +0 dagger
 n - a +0 spear (weapon)
Missiles
 e - 29 poisoned needles
 l - 17 arrows of dispersal
 m - 3 tomahawks (quivered)
Armour
 a - a +0 robe (worn)
Scrolls
 h - 2 scrolls of remove curse
Potions
 f - a potion of might {unknown}
 i - a potion of curing
 k - a potion of lignification {unknown}
 o - a potion of haste {unknown}
Books
 b - a book of Air

   Spells                             Type                      Level
   a - Shock                          Conjuration/Air              1
   b - Swiftness                      Charms/Air                   2
   c - Repel Missiles                 Charms/Air                   2
   d - Flight                         Charms/Air                   3
   e - Static Discharge               Conjuration/Air              3
   f - Lightning Bolt                 Conjuration/Air              5
Comestibles
 c - a bread ration


   Skills:
 + Level 0.6(0.0) Fighting
 + Level 0.9(0.0) Polearms
 - Level 3.0(1.8) Dodging
 - Level 2.0(0.8) Stealth
 * Level 3.3(2.0) Spellcasting
 - Level 2.0(0.8) Conjurations
 - Level 1.0(0.0) Charms
 + Level 4.2(3.0) Air Magic


You had one spell level left.
You knew the following spells:

 Your Spells              Type           Power        Failure   Level  Hunger
a - Shock                 Conj/Air       #...         12%         1    #......
b - Swiftness             Chrm/Air       #.......     17%         2    ###....
c - Repel Missiles        Chrm/Air       #.....       17%         2    ###....
d - Static Discharge      Conj/Air       #.......     30%         3    ###....


Dungeon Overview and Level Annotations

Branches:
Dungeon (3/15)

Altars:


Innate Abilities, Weirdness & Mutations

You have a beak for a mouth.
You have claws for feet.


Message History

Read which item? (? for menu, Esc to quit)
Okay, then.
Drink which item? (? for menu, Esc to quit)
You feel much better. Something hits you.
You feel drained.
Your magical contamination has completely faded away.
You hear some strange, mumbled words.
You are confused.
You hear some strange, mumbled words.
The magic dart hits you!
You miss something. Something hits you but does no damage.
You feel drained. Something hits you but does no damage.
You feel drained. Something hits you.
* * * LOW HITPOINT WARNING * * *
You feel drained.
* * * LOW HITPOINT WARNING * * *
You bump into the rock wall.
You hear some strange, mumbled words.
The puff of flame hits you!
You die...

#.......[).......##
#.................##
#..................#
#...................
#...................
#...#...............
##.................#
#{####...........##
#.@####.........##
##..#...........##
#...#.###......##
#>###.####....##
#.#..<#....>.##
#.#.#.#.######
#.#.#.#.# #.#.....#
#.#.#####


There were no monsters in sight!

Vanquished Creatures
  2 orc priests (D:3)
  2 worms (D:2)
  A giant gecko (D:2)
  An ooze (D:2)
  2 orcs (D:3)
  2 giant cockroaches (D:1)
  6 goblins
  8 hobgoblins
  8 kobolds
  A quokka (D:2)
  A ball python (D:2)
  9 bats
  3 rats
46 creatures vanquished.

Notes
Turn   | Place    | Note
--------------------------------------------------------------
     0 | D:1      | Muussi, the Tengu Air Elementalist, began the quest for the Orb.
     0 | D:1      | Reached XP level 1. HP: 10/10 MP: 3/3
   131 | D:1      | Reached XP level 2. HP: 12/15 MP: 1/5
   135 | D:1      | Learned a level 2 spell: Swiftness
   149 | D:1      | Upgraded the game from 0.16.1-18-g436b03c to 0.16.1-28-gcc2312f
   664 | D:1      | Learned a level 2 spell: Repel Missiles
  1000 | D:2      | Reached XP level 3. HP: 16/19 MP: 3/7
  1864 | D:2      | Reached skill level 1 in Charms
  1957 | D:2      | Reached XP level 4. HP: 21/24 MP: 0/9
  1962 | D:2      | Learned a level 3 spell: Static Discharge
  2136 | D:3      | Killed from afar by an orc wizard

Action                   |  1- 3 |  4- 6 || total
-------------------------+-------+-------++-------
Melee: Dagger            |    93 |       ||    93
       Unarmed           |     5 |       ||     5
       Spear             |       |     6 ||     6
Throw: Tomahawk          |     3 |       ||     3
 Cast: Shock             |    77 |     8 ||    85
       Repel Missiles    |     1 |       ||     1
       Swiftness         |     3 |       ||     3
       Static Discharge  |       |     1 ||     1
  Use: Scroll            |     5 |       ||     5
       Potion            |     3 |     1 ||     4
  Eat: Chunk             |     3 |       ||     3
       Bread ration      |     1 |       ||     1
